 Dungeon Crawl Stone Soup version 0.27.1-33-g824d729ab1 (webtiles) character file.

Game seed: 16707890773978166656

246 lordive the Slasher (level 5, -2/46 HPs)
             Began as a Minotaur Fighter on Dec 27, 2021.
             Slain by an orc wizard (3 damage)
             ... on level 4 of the Dungeon.
             The game lasted 00:03:11 (2285 turns).

lordive the Slasher (Minotaur Fighter)              Turns: 2285, Time: 00:03:13

Health: -2/46      AC: 13    Str: 22    XL:     5   Next: 84%
Magic:  4/4        EV:  6    Int:  5    God:
Gold:   217        SH:  0    Dex:  9    Spells: 4/4 levels left

rFire    . . .     SeeInvis .   a - +0 long sword
rCold    . . .     Faith    .   c - +0 kite shield
rNeg     . . .     Spirit   .   h - +0 chain mail
rPois    .         Reflect  .   (helmet restricted)
rElec    .         Harm     .   (no cloak)
rCorr    .         Rampage  .   (no gloves)
Will     .....                  (no boots)
Stlth    ..........             (no amulet)
HPRegen  0.15/turn              e - +4 ring of protection
MPRegen  0.09/turn              (no ring)

@: confused, brilliant, attractive
A: horns 2, retaliatory headbutt
a: no special abilities


You were on level 4 of the Dungeon.
You visited 1 branch of the dungeon, and saw 4 of its levels.

You collected 217 gold pieces.

Inventory:

Hand Weapons
 a - a +0 long sword (weapon)
 p - a +2 short sword of venom
Missiles
 m - a throwing net (quivered)
Armour
 c - a +0 kite shield (worn)
 h - a +0 chain mail (worn)
Jewellery
 e - a +4 ring of protection (left hand)
Scrolls
 b - a scroll of fog {unknown}
 g - 2 scrolls of enchant weapon {unknown}
 i - a scroll of amnesia {unknown}
 l - a scroll of noise {unknown}
 o - a scroll of identify {unknown}
 q - a scroll of torment {unknown}
 r - a scroll of enchant armour {unknown}
 s - a scroll of blinking {unknown}
Potions
 d - 2 potions of might
 f - a potion of attraction
 k - a potion of curing {unknown}
 n - a potion of degeneration {unknown}


   Skills:
 + Level 4.1 Fighting
 * Level 5.9 Long Blades
 + Level 4.6 Armour
 + Level 0.3 Dodging
 + Level 4.6 Shields


You had 4 spell levels left.
You didn't know any spells.
Your spell library contained the following spells:

 Spells                   Type           Power      Damage    Failure   Level
 Sublimation of Blood     Necr           0%         N/A       100%        2
 Wereblood                Tmut           0%         N/A       100%        2
 Ignite Poison            Fire/Tmut/Pois 0%         N/A       100%        3
 Mephitic Cloud           Conj/Pois/Air  0%         N/A       100%        3
 Bolt of Magma            Conj/Fire/Erth 0%         4d4       100%        5
 Summon Hydra             Summ           0%         N/A       100%        7


Dungeon Overview and Level Annotations

Branches:
Dungeon (4/15)
 Temple: D:4-7

Altars:
Gozag
Ru


Innate Abilities, Weirdness & Mutations

You have a pair of horns on your head.
You reflexively headbutt those who attack you in melee.


Message History

The centaur kicks you but does no damage.
You barely miss the centaur.
The centaur is almost dead.
You feel sick.
The centaur hits you but does no damage.
The centaur kicks you.
* * * LOW HITPOINT WARNING * * *
The orc closely misses you.
You riposte.
You barely miss the orc. Your headbutt misses the orc.
The orc hits you but does no damage. The centaur hits you.
* * * LOW HITPOINT WARNING * * *
The centaur kicks you.
* * * LOW HITPOINT WARNING * * *
You hit the centaur.
The centaur is almost dead.
You feel sick.
The centaur hits you but does no damage.
The centaur kicks you but does no damage.
You block the orc's attack. You block the centaur's attack.
The centaur barely misses you. You block the orc's attack.
The orc hits you but does no damage.
You slash the centaur!
You kill the centaur!
You feel sick.
You hear some strange, mumbled words.
You are confused.
The orc hits you but does no damage. x2
Unknown command.
It was a potion of attraction.
You feel attractive to monsters.
You feel sick. Something hits you but does no damage.
The orc barely misses you. The orc hits you with a +0 club.
* * * LOW HITPOINT WARNING * * *
It was a potion of brilliance.
You feel clever all of a sudden.
* * * LOW HITPOINT WARNING * * *
You feel sick.
You are no longer poisoned.
Something hits you.
You die...

.# ### ##. .. #.# ..
... #.# #.##.....
#####.####.##.....
#...............###
#.........(.......
#)@o.......#.#
......o{#.#.#.....#
........#>..#.#...##
........###...)....###
###....## #..........#
...... ###.......##
#.#'### ####....####
#... #.#......
#.....##.


You could see 2 orcs.

Vanquished Creatures
  A centaur (D:4)
  A centaur skeleton (D:4)
  3 gnolls (D:3)
  4 adders
  2 worms (D:3)
  3 dart slugs (D:1)
  An orc (D:4)
  4 bats
  8 endoplasms
  5 giant cockroaches
  6 goblins
  6 hobgoblins
  3 jackals (D:2)
  5 kobolds
  2 quokkas (D:1)
  3 ball pythons
  3 frilled lizards
  5 rats
65 creatures vanquished.

Notes
Turn   | Place    | Note
-------+----------+-------------------------------------------
     0 | D:1      | lordive the Minotaur Fighter began the quest for the Orb.
     0 | D:1      | Reached XP level 1. HP: 19/19 MP: 0/0
   162 | D:1      | Reached XP level 2. HP: 27/27 MP: 1/1
   185 | D:1      | Found a faded altar of an unknown god.
   589 | D:1      | Reached XP level 3. HP: 33/33 MP: 2/2
   622 | D:1      | Reached skill level 3 in Long Blades
  1254 | D:2      | Reached XP level 4. HP: 40/40 MP: 3/3
  1501 | D:3      | Found an opulent altar of Gozag.
  1521 | D:3      | Found a sacrificial altar of Ru.
  1534 | D:3      | Reached skill level 4 in Long Blades
  2073 | D:3      | Reached XP level 5. HP: 46/46 MP: 4/4
  2243 | D:4      | Reached skill level 5 in Long Blades
  2268 | D:4      | Noticed a centaur
  2283 | D:4      | Killed a centaur
  2284 | D:4      | HP: 1/46 [orc (3)]
  2285 | D:4      | Slain by an orc wizard

Illustrated notes

Levels and vault maps discovered:
D:1:      sevenhm_arrival_forest_fort_small_5, layout_basic,
          shapermc_ecumenical_altar_totnotflames
D:2:      layout_loops_ring, minmay_misc_feat_room
D:3:      layout_rooms, mainiacjoe_overflow_brackets,
          mainiacjoe_overflow_boulevard, minmay_diced_spiral
D:4:      layout_basic

Skill      XL: |  1  2  3  4  5 |
---------------+----------------+-----
Armour         | 4 |  4.6
Shields        | 4 |  4.6
Long Blades    | 3 4 5 |  5.9
Fighting       | 4 |  4.1
Dodging        | |  0.3

Action                   |  1- 3 |  4- 6 || total
-------------------------+-------+-------++-------
Melee: Long sword        |    85 |    82 ||   167
       Headbutt          |    13 |     7 ||    20
  Use: Potion            |       |     2 ||     2
Armor: Scale mail        |     3 |       ||     3
       Chain mail        |    45 |    80 ||   125
Dodge: Dodged            |    23 |    36 ||    59
Block: Kite shield       |    51 |    61 ||   112
       Rpst.: Long sword |     7 |     6 ||    13
